 Dungeon Crawl Stone Soup version 0.30-b1-5-g8e6c1be481 (webtiles) character file.

Game seed: 10926056508958786886

113 Gabide the Trooper (level 4, -10/37 HPs)
             Began as a Mummy Monk on May 4, 2023.
             Killed from afar by Ijyb (19 damage)
             ... with a bolt of dispelling energy
             ... on level 2 of the Dungeon.
             The game lasted 00:03:19 (2059 turns).

Gabide the Trooper (Mummy Monk)                     Turns: 2059, Time: 00:03:20

Health: -10/37     AC:  7    Str: 14    XL:     4   Next: 65%
Magic:  4/4        EV:  8    Int:  9    God:
Gold:   56         SH:  0    Dex: 16    Spells: 3/3 levels left

rFire   x . .        a - +0 falchion
rCold   + . .        c - orb {light}
rNeg    + + +        h - +0 ring mail
rPois   ∞            l - +0 helmet
rElec   .            g - +0 cloak
rCorr   .            (no gloves)
SInv    .            (no boots)
Will    .....        (no amulet)
Stlth   +            (no ring)
HPRegen 0.26/turn    (no ring)
MPRegen 0.09/turn

%: faith
@: glowing, constricted
A: cold resistance 1, negative energy resistance 3, torment resistance 2, heat
vulnerability 1, in touch with death 1, no potions, faith
a: no special abilities


You were on level 2 of the Dungeon.
You visited 1 branch of the dungeon, and saw 3 of its levels.

You collected 56 gold pieces.

Inventory:

Hand Weapons
 a - a +0 falchion (weapon)
Armour
 c - an orb of light (worn)
 g - a +0 cloak (worn)
 h - a +0 ring mail (worn)
 l - a +0 helmet (worn)
 n - a +1 robe of cold resistance
Scrolls
 d - a scroll of vulnerability {unknown}
 e - a scroll of enchant armour {unknown}
 i - a scroll of identify {unknown}
 j - 2 scrolls of butterflies
 k - a scroll of blinking {unknown}
 m - a scroll of teleportation {unknown}


   Skills:
 + Level 3.9 Fighting
 + Level 3.2 Long Blades
 + Level 3.2 Dodging


You had 3 spell levels left.
You didn't know any spells.
Your spell library contained the following spells:

 Spells                   Type           Power      Damage    Failure   Level
 Ensorcelled Hibernation  Hex/Ice        0%         N/A       77%         2
 Passwall                 Tmut/Erth      0%         N/A       77%         2
 Swiftness                Air            0%         N/A       94%         3


Dungeon Overview and Level Annotations

Branches:
Dungeon (3/15)

Altars:

Annotations:
D:2 Ijyb


Innate Abilities, Weirdness & Mutations

You are immune to poison.
Your flesh is cold resistant. (rC+)
You are immune to negative energy. (rN+++)
You are immune to unholy pain and torment.
You are vulnerable to heat. (rF-)
You are in touch with the powers of death.
You do not drink.
You have a special connection with the divine. (Faith)


Message History

Aim: Ijyb, wielding a +0 dagger, wearing a +0 leather armour and carrying a wand of quicksilver (6) (haloed, 71% to hit)
You throw a curare-tipped dart.
The curare-tipped dart barely misses Ijyb.
The ball python bites you but does no damage.
The ball python closely misses you. The goblin closely misses you.
Ijyb hits you with a +0 dagger. The ball python misses you.
The ball python grabs you. The ball python constricts you.
Unknown command.
Throw: dart (curare)
Press: ? - help, Q - select action Shift-Dir - straight line, f/p - Ijyb
Aim: Ijyb, wielding a +0 dagger, wearing a +0 leather armour and carrying a wand of quicksilver (6) (haloed, 71% to hit)
You throw a curare-tipped dart. The curare-tipped dart hits Ijyb.
Ijyb is poisoned.
Ijyb convulses.
Ijyb seems to slow down.
Ijyb is moderately wounded.
The ball python misses you. The ball python constricts you.
The goblin hits you but does no damage.
Unknown command.
You hit the ball python.
The ball python is heavily wounded.
The ball python bites you but does no damage.
The ball python constricts you.
Ijyb screams, "Me very upset!"
Ijyb zaps a wand.
The bolt of dispelling energy hits you!!
Ouch! That really hurt!
* * * LOW HITPOINT WARNING * * *
The goblin closely misses you.
You can't drink.
As you read the scroll labelled XAOCIT NUEG, it crumbles to dust.
You feel momentarily disoriented.
It was a scroll of magic mapping.
The ball python bites you but does no damage.
The ball python constricts you.
* * * LOW HITPOINT WARNING * * *
The goblin hits you with a +0 dagger.
* * * LOW HITPOINT WARNING * * *
Ijyb zaps a wand.
The bolt of dispelling energy hits you!!
Ouch! That really hurt!
You die...

#.#####'#.###.#b##.######.....
#.#...(.......#.##.# #.....
#.+...........#.##.# #.....
###.......###.#....# #.....
#.......###....### #.....
#.......'!#...## #.....
#.......#.....# #.....
#.......##gg#.# ######
#.......##S@#b#
#.......#####b##############
#.......# #...............
#################################
.............................##..
############################.##.#
#<# #.##.# #.# #.##.# #.#
###############.##.#


You could see Ijyb (very poisoned, slow), a goblin and a ball python.

Vanquished Creatures
  Robin (D:2)
  3 gnolls
  An adder (D:2)
  2 worms (D:2)
  10 ball pythons
  5 endoplasms
  A giant cockroach (D:2)
  13 goblins
  5 hobgoblins (D:2)
  A kobold (D:1)
  A quokka (D:1)
  6 bats
  4 frilled lizards
  4 rats
57 creatures vanquished.

Notes
Turn   | Place    | Note
-------+----------+-------------------------------------------
     0 | D:1      | Gabide the Mummy Monk began the quest for the Orb.
     0 | D:1      | Reached XP level 1. HP: 18/18 MP: 1/1
   177 | D:1      | Found a faded altar of an unknown god.
   250 | D:1      | Reached XP level 2. HP: 24/24 MP: 2/2
   895 | D:2      | Gained mutation: You are in touch with the powers of death.
                  | [Mummy growth]
   895 | D:2      | Reached XP level 3. HP: 29/29 MP: 3/3
  1131 | D:2      | Noticed Robin
  1151 | D:2      | Killed Robin
  1157 | D:2      | Reached XP level 4. HP: 19/37 MP: 4/4
  1854 | D:3      | Noticed Ijyb
  2059 | D:2      | Killed from afar by Ijyb

Illustrated notes

Levels and vault maps discovered:
D:1:      dpeg_arrival_simpleton_c, layout_loops_cross,
          ebering_ecumenical_altar_petrified
D:2:      layout_basic, small_statue_intersection, uniq_robin
D:3:      layout_rooms, serial_shops, shop_fountains, uniq_ijyb

Skill      XL: |  1  2  3 |
---------------+----------+-----
Long Blades    | 3 |  3.2
Dodging        | 3 |  3.2
Fighting       | |  3.9

Action                     |  1- 3 |  4- 6 || total
---------------------------+-------+-------++-------
  Melee: Falchion          |    99 |    40 ||   139
  Throw: Dart              |     1 |     4 ||     5
    Use: Scroll            |       |     2 ||     2
 Armour: Robe              |     5 |       ||     5
         Ring mail         |    36 |    18 ||    54
  Dodge: Dodged            |    59 |    47 ||   106
